[Event "Titled Tuesday Blitz June 28 Early 2022"]
[White "Shimanov, Aleksandr"]
[Black "Yoo, Christopher Woojin"]
[WhiteFideId "4198603"]
[BlackFideId "30909694"]
[WhiteElo "2605"]
[BlackElo "2105"]
[Result "0-1"]
[Round "11"]
[TimeControl "180+1"]
[Date "2022.06.28"]
[WhiteClock "0:00:02"]
[BlackClock "0:00:04"]

1. e4 c5 2. Nc3 Nc6 3. Nf3 e6 4. d4 cxd4 5. Nxd4 Nf6 6. Be3 Bb4 7. Bd3 d5 8. exd5 Nxd5 9. Nxc6 bxc6 10. O-O O-O 11. Nxd5 cxd5 12. Qh5 g6 13. Qg4 Bd6 14. Bg5 Be7 15. Bxe7 Qxe7 16. Qd4 Rb8 17. a3 e5 18. Rfe1 f6 19. Qxd5+ Be6 20. Qa5 Rxb2 21. f4 Bf5 22. Bxf5 gxf5 23. fxe5 Rxc2 24. Qd5+ Kh8 25. e6 Rd8 26. Qxf5 Rdd2 27. Qe4 Qg7 28. Qa8+ Qg8 29. Qxg8+ Kxg8 30. e7 Rxg2+ 31. Kh1 Rxh2+ 32. Kg1 Rcg2+ 33. Kf1 Rf2+ 34. Kg1 Rhg2+ 35. Kh1 Kg7 36. Rg1 Rxg1+ 37. Rxg1+ Kf7 38. Rg8 Re2 39. Rh8 Rxe7 40. Rxh7+ Ke6 41. Rh4 Rg7 42. Ra4 f5 43. Ra5 f4 44. Kh2 Kf6 0-1


[Site "https://www.chess.com"]

[Event "Titled Tuesday Blitz June 28 Early 2022"]
[White "Shuvalov, Evgenij"]
[Black "Adewumi, Tanitoluwa"]
[WhiteFideId "4187237"]
[BlackFideId "30966396"]
[WhiteElo "2023"]
[BlackElo "2661"]
[Result "1-0"]
[Round "11"]
[TimeControl "180+1"]
[Date "2022.06.28"]
[WhiteClock "0:00:12"]
[BlackClock "0:00:09"]

1. Nf3 Nf6 2. c4 e6 3. g3 d5 4. Bg2 Be7 5. O-O O-O 6. b3 c6 7. Bb2 b6 8. e3 Bb7 9. Qe2 Nbd7 10. d3 Re8 11. e4 e5 12. Nxe5 Nxe5 13. Bxe5 dxe4 14. dxe4 Bc5 15. Bb2 Qe7 16. Nd2 Rad8 17. Rad1 Ba3 18. Ba1 Bc5 19. e5 Nd7 20. Ne4 Bb4 21. f4 Nc5 22. Qc2 Bc8 23. Nd6 Rf8 24. Bxc6 Bg4 25. Bf3 Bxf3 26. Rxf3 Ne6 27. Rfd3 Bc5+ 28. Kh1 f6 29. Nf5 Qf7 30. exf6 Rxd3 31. Qxd3 Qb7+ 32. Qd5 Qxd5+ 33. cxd5 Nc7 34. Ne7+ Kf7 35. d6 Ne6 36. fxg7 Re8 37. g8=Q+ Rxg8 38. Nxg8 Kxg8 39. d7 Be7 40. Re1 Kf7 41. f5 Nc5 42. f6 Bd8 43. Re8 Bc7 44. d8=Q Bxd8 45. Rxd8 Ne6 46. Rd7+ Kg6 47. Rxa7 b5 48. Ra6 Nc5 49. Bd4 Nxa6 50. a4 b4 51. Kg2 Nc7 52. Kf3 Ne6 53. Ke4 Ng5+ 54. Kd5 Nf3 55. h4 h5 56. a5 Kf7 57. a6 Nxd4 58. Kxd4 Kxf6 59. a7 Kf5 60. a8=Q Kg4 61. Qe4+ Kh3 62. Qf4 Kg2 63. Qg5 Kh3 64. Qxh5 Kg2 65. Qg5 Kh3 66. h5 Kg2 67. h6 Kf3 68. h7 Ke2 69. h8=Q Kf3 70. Qhf6+ Kg2 71. Qgg7 Kh3 72. g4 Kg3 73. g5 Kg4 74. g6 Kh5 75. Qh7+ Kg4 76. g7 1-0


[Site "https://www.chess.com"]

[Event "Titled Tuesday Blitz June 28 Early 2022"]
[White "Silva Lucena, Cristian"]
[Black "Yang, Kaiqi"]
[WhiteFideId "2232588"]
[BlackFideId "8604398"]
[WhiteElo "2223"]
[BlackElo "2373"]
[Result "0-1"]
[Round "11"]
[TimeControl "180+1"]
[Date "2022.06.28"]
[WhiteClock "0:00:13"]
[BlackClock "0:00:31"]

1. e4 c5 2. Nf3 e6 3. d4 cxd4 4. Nxd4 a6 5. Nc3 b5 6. g3 Bb7 7. Bg2 Nf6 8. a3 d6 9. O-O Qc7 10. Re1 Be7 11. h3 O-O 12. g4 Nc6 13. Nxc6 Bxc6 14. Be3 Qb7 15. Qd4 Nd7 16. Rad1 Ne5 17. g5 f5 18. gxf6 Rxf6 19. f4 Nc4 20. b3 e5 21. fxe5 dxe5 22. Qd3 Nb2 23. Qe2 Nxd1 24. Rxd1 Rg6 25. Kh2 Bh4 26. Nd5 Bg3+ 27. Kh1 h6 28. Bc5 Kh7 29. Ne7 Rf6 30. Nf5 Bf4 31. Qg4 Rg6 32. Qe2 Rxg2 33. Kxg2 Bxe4+ 34. Kg1 Bxf5 0-1


[Site "https://www.chess.com"]

[Event "Titled Tuesday Blitz June 28 Early 2022"]
[White "Simonovic, Miroslav"]
[Black "Sahil, Tickoo"]
[WhiteFideId "919152"]
[BlackFideId "5019710"]
[WhiteElo "2043"]
[BlackElo "2047"]
[Result "0-1"]
[Round "11"]
[TimeControl "180+1"]
[Date "2022.06.28"]
[WhiteClock "0:00:10"]
[BlackClock "0:00:43"]

1. d4 d5 2. Bg5 c6 3. e3 Bf5 4. Bd3 Bxd3 5. Qxd3 Nd7 6. f4 Ngf6 7. Nd2 e6 8. Ngf3 Be7 9. O-O-O c5 10. c3 Qc7 11. e4 dxe4 12. Nxe4 Nxe4 13. Qxe4 Bxg5 14. Nxg5 Nf6 15. Qe5 Rc8 16. Rhe1 h6 17. Nf3 cxd4 18. Nxd4 Qxe5 19. Rxe5 O-O 20. f5 exf5 21. Nxf5 Rc7 22. h3 h5 23. Rde1 g6 24. Nd6 Rd8 25. Nb5 Rcd7 26. Nxa7 Ra8 27. Nb5 Rxa2 28. Kc2 Ra8 29. Re7 Rad8 30. Nd4 Kf8 31. Rxd7 Rxd7 32. b4 Nd5 33. Kb3 Nf4 34. Rg1 h4 35. Nf3 Rd3 36. Kc2 Re3 37. Nxh4 Re2+ 38. Kb3 g5 39. Nf3 f6 40. h4 g4 41. Nd4 Rxg2 42. Rxg2 Nxg2 43. Nf5 b6 44. Kc4 Kf7 45. Kb5 Ke6 46. Ng3 f5 47. Kxb6 f4 48. Nf1 Ne3 49. h5 Nxf1 50. h6 Kf6 51. c4 g3 52. c5 g2 53. c6 g1=Q+ 54. Kb7 Qd4 55. c7 Qxb4+ 56. Ka8 Qa5+ 57. Kb8 Qxc7+ 58. Kxc7 f3 59. h7 Kg7 60. Kd6 f2 61. Ke5 Ne3 62. Kf4 f1=Q+ 63. Kxe3 Kxh7 64. Ke4 Kg6 65. Ke5 Qf5+ 66. Kd4 Qf6+ 67. Kd3 Kf5 68. Ke3 Qe5+ 69. Kd3 Qe4+ 0-1


[Site "https://www.chess.com"]

[Event "Titled Tuesday Blitz June 28 Early 2022"]
[White "Skliarov, Viktor"]
[Black "Bharath Subramaniyam H"]
[WhiteFideId "14106736"]
[BlackFideId "46634827"]
[WhiteElo "2229"]
[BlackElo "2242"]
[Result "0-1"]
[Round "11"]
[TimeControl "180+1"]
[Date "2022.06.28"]
[WhiteClock "0:00:02"]
[BlackClock "0:01:52"]

1. e4 c5 2. Nf3 e6 3. c3 Nf6 4. Bd3 Nc6 5. Bc2 d5 6. e5 Nd7 7. d4 cxd4 8. cxd4 Nb4 9. Ba4 Be7 10. O-O O-O 11. Nc3 a6 12. a3 Nc6 13. Bc2 b5 14. Qd3 g6 15. Bh6 Re8 16. g3 b4 17. Ne2 a5 18. h4 Ba6 19. Qe3 Qb6 20. Nf4 Bxf1 21. Rxf1 bxa3 22. bxa3 Qb2 23. Bd3 Qxa3 24. h5 Nb4 25. Ng5 Nxd3 26. Nxd3 Rac8 27. hxg6 hxg6 28. Nxf7 Kxf7 29. Qf3+ Kg8 30. Re1 Bf8 31. Re3 Bxh6 0-1


[Site "https://www.chess.com"]

[Event "Titled Tuesday Blitz June 28 Early 2022"]
[White "So, Wesley"]
[Black "Terry, Renato"]
[WhiteFideId "5202213"]
[BlackFideId "3803457"]
[WhiteElo "2742"]
[BlackElo "2577"]
[Result "1-0"]
[Round "11"]
[TimeControl "180+1"]
[Date "2022.06.28"]
[WhiteClock "0:00:15"]
[BlackClock "0:00:04"]

1. e4 g6 2. d4 Bg7 3. Nc3 c6 4. Be3 d5 5. Qd2 b5 6. a3 a6 7. e5 f6 8. Nf3 Bg4 9. exf6 exf6 10. Be2 Ne7 11. O-O O-O 12. h3 Be6 13. Rfe1 Re8 14. Bd3 Nd7 15. a4 Bf7 16. Bf4 Nb6 17. axb5 axb5 18. Rxa8 Qxa8 19. h4 Nc4 20. Qc1 Qa5 21. h5 gxh5 22. Nh4 Ng6 23. Rxe8+ Bxe8 24. Nf5 Nxb2 25. Bd2 Nxd3 26. cxd3 Qb6 27. Bh6 Bxh6 28. Nxh6+ Kf8 29. Nf5 Qc7 30. Nxb5 Qf4 31. Qa3+ Kg8 32. Nbd6 Bd7 33. g3 Qf3 34. Qa7 Nf8 35. Qc7 h4 36. Nxh4 Qd1+ 37. Kg2 Qxd3 38. Qd8 Qxd4 39. Qe7 Be6 40. Ne8 f5 41. Nf6+ Qxf6 42. Qxf6 f4 43. Qxf4 Bf7 44. Nf5 Ne6 45. Qb8+ Nf8 46. Qe5 Ne6 47. Nh6+ Kf8 48. Qf6 Nd8 49. Qxd8+ Kg7 50. Nf5+ Kg6 51. Ne7+ Kg7 52. Nxc6 Bg6 53. Qxd5 Be4+ 54. Qxe4 1-0


[Site "https://www.chess.com"]

[Event "Titled Tuesday Blitz June 28 Early 2022"]
[White "Starozhilov, Leonid"]
[Black "Madaminov, Mukhiddin"]
[WhiteFideId "14106752"]
[BlackFideId "14210703"]
[WhiteElo "2414"]
[BlackElo "1916"]
[Result "0-1"]
[Round "11"]
[TimeControl "180+1"]
[Date "2022.06.28"]
[WhiteClock "0:00:02"]
[BlackClock "0:01:43"]

1. e4 e5 2. Nf3 Nc6 3. Bb5 Nf6 4. d3 Bc5 5. Nc3 d6 6. Be3 Bb6 7. h3 O-O 8. O-O Ne7 9. d4 Ng6 10. dxe5 dxe5 11. Qxd8 Rxd8 12. Rad1 Be6 13. Ng5 Bxe3 14. fxe3 c6 15. Ba4 Bc4 16. Rfe1 h6 17. Nf3 Kf8 18. Bb3 Bxb3 19. axb3 Ke7 20. Kf2 Ne8 21. Rxd8 Rxd8 22. Rd1 Rxd1 23. Nxd1 h5 24. Nd2 Nd6 25. Nc3 f6 26. b4 Nf8 27. Ke2 Ne6 28. Kd3 g6 29. Nc4 Nxc4 30. Kxc4 h4 31. b5 Kd6 32. bxc6 bxc6 33. b4 f5 34. exf5 gxf5 35. Ne2 Nc7 36. g3 Nd5 37. e4 fxe4 38. gxh4 Ne3+ 39. Kc3 Nf5 40. h5 Kd5 41. Ng3 Nxg3 42. h6 Ne2+ 43. Kd2 Nf4 44. h7 Ng6 45. Ke3 Nh8 46. h4 Nf7 47. h5 Nh8 48. h6 Nf7 49. c4+ Ke6 50. Kxe4 Ng5+ 51. Ke3 Nxh7 52. b5 cxb5 53. cxb5 Nf6 54. Kd3 Kd5 55. Ke3 Ng4+ 0-1


[Site "https://www.chess.com"]

[Event "Titled Tuesday Blitz June 28 Early 2022"]
[White "Tan, Jun Ying"]
[Black "Estrada Nieto, Julian"]
[WhiteFideId "5710413"]
[BlackFideId "5101018"]
[WhiteElo "1827"]
[BlackElo "2252"]
[Result "1-0"]
[Round "11"]
[TimeControl "180+1"]
[Date "2022.06.28"]
[WhiteClock "0:01:04"]
[BlackClock "0:00:32"]

1. c4 e5 2. Nc3 Nf6 3. e3 Bb4 4. Nge2 O-O 5. a3 Be7 6. d4 e4 7. Ng3 Re8 8. Qc2 c5 9. dxc5 Bxc5 10. Ngxe4 Nxe4 11. Nxe4 Bb6 12. Bd3 Nc6 13. O-O d5 14. cxd5 Qxd5 15. Ng3 h6 16. Be4 Qe6 17. Bd2 Bd7 18. Bc3 Qe7 19. Rad1 Rac8 20. Bd3 Ne5 21. Bf5 Red8 22. Bxd7 Rxd7 23. Qf5 Rcd8 24. Rxd7 Nxd7 25. Rd1 Nf8 26. Rxd8 Qxd8 27. h3 Ne6 28. Qc2 Qd5 29. Nf5 f6 30. Ne7+ 1-0


[Site "https://www.chess.com"]

[Event "Titled Tuesday Blitz June 28 Early 2022"]
[White "Tasev, Dejan"]
[Black "Polster, Christian"]
[WhiteFideId "936618"]
[BlackFideId "12965081"]
[WhiteElo "2253"]
[BlackElo "2319"]
[Result "1-0"]
[Round "11"]
[TimeControl "180+1"]
[Date "2022.06.28"]
[WhiteClock "0:00:23"]
[BlackClock "0:00:11"]

1. e4 c5 2. Nf3 d6 3. Nc3 Nf6 4. d4 cxd4 5. Nxd4 a6 6. Bc4 e6 7. Bb3 Be7 8. Be3 O-O 9. f3 b5 10. a3 Bb7 11. Qd2 Nbd7 12. g4 Nc5 13. Ba2 Qc7 14. h4 Rfd8 15. O-O-O d5 16. e5 Nfd7 17. f4 Ne4 18. Nxe4 dxe4 19. h5 Nb6 20. g5 Bd5 21. g6 Bxa2 22. h6 fxg6 23. hxg7 Nc4 24. Qh2 h5 25. Rdg1 Nxe3 26. Rxg6 Rxd4 27. Rh6 Kxg7 28. Rh7+ Kxh7 29. Qxh5+ Kg8 30. Qg6+ Kf8 31. Rh8# 1-0


[Site "https://www.chess.com"]

[Event "Titled Tuesday Blitz June 28 Early 2022"]
[White "Terrieux, Kevin"]
[Black "Molina, Roberto Junio Brito"]
[WhiteFideId "622591"]
[BlackFideId "2109450"]
[WhiteElo "2482"]
[BlackElo "2432"]
[Result "1-0"]
[Round "11"]
[TimeControl "180+1"]
[Date "2022.06.28"]
[WhiteClock "0:00:21"]
[BlackClock "0:00:53"]

1. d4 d5 2. e4 dxe4 3. Nc3 Nf6 4. f3 exf3 5. Nxf3 Bg4 6. h3 Bxf3 7. Qxf3 c6 8. Be3 Nbd7 9. Bd3 e6 10. O-O Be7 11. Rf2 O-O 12. Raf1 Nd5 13. Nxd5 cxd5 14. Qh5 g6 15. Qh6 Nf6 16. Bf4 Nh5 17. Bd2 Rc8 18. Rxf7 Rxf7 19. Rxf7 Kxf7 20. Qxh7+ Ke8 21. Bb5+ Rc6 22. Qxg6+ Kd7 23. Qxh5 Qb6 24. Bxc6+ bxc6 25. Bc3 Qa6 26. a3 Qc4 27. Qd1 Bxa3 28. Qd3 Qxd3 29. cxd3 Be7 30. Kf2 Ke8 31. Kf3 Kf7 32. g3 Kg6 33. h4 Kh5 34. Be1 Bf6 35. g4+ Kg6 36. Bf2 a5 37. b3 Bd8 38. h5+ Kg5 39. Be3+ Kh4 40. h6 Bf6 41. g5 1-0


[Site "https://www.chess.com"]

[Event "Titled Tuesday Blitz June 28 Early 2022"]
[White "Timofeev, Artyom"]
[Black "Sevian, Samuel"]
[WhiteFideId "4140419"]
[BlackFideId "2040506"]
[WhiteElo "2578"]
[BlackElo "2692"]
[Result "1-0"]
[Round "11"]
[TimeControl "180+1"]
[Date "2022.06.28"]
[WhiteClock "0:00:07"]
[BlackClock "0:00:45"]

1. e4 Nf6 2. Nc3 e5 3. Bc4 Bb4 4. Nge2 O-O 5. O-O Nc6 6. d3 d6 7. a3 Bc5 8. h3 Be6 9. Bxe6 fxe6 10. Na4 Bb6 11. Nxb6 axb6 12. c4 Qe8 13. Be3 Nh5 14. Kh2 Qg6 15. Qd2 Na5 16. Nc1 Rf7 17. b4 Nc6 18. Ne2 Raf8 19. b5 Na5 20. Rab1 h6 21. f3 Nf4 22. Nxf4 exf4 23. Bf2 e5 24. Qc3 Kh7 25. Kg1 Qg5 26. Rfd1 Rf6 27. Rd2 Rg6 28. Be1 Qh5 29. Kf1 c5 30. Rf2 Rg3 31. Rc2 Rg5 32. Rbb2 Rf6 33. Qd2 Rfg6 34. Qd1 Rg3 35. Bxg3 fxg3 36. Re2 Rf6 37. Ke1 Qg5 38. Qd2 Rf4 39. Qe3 Kg6 40. Kd2 Kh5 41. Kc2 Kh4 42. Rb1 Qd8 43. Qd2 h5 44. Rh1 Qa8 45. Qc3 g6 46. Kb2 Qb8 47. Qc2 Qc7 48. Qc3 Qf7 49. Qc2 Kg5 50. Qc3 Rh4 51. Qc1+ Qf4 52. Qc3 Kf6 53. Qd2 g5 54. Qe1 Ke7 55. Rf1 Kd8 56. Qd2 Qf7 57. Qxg5+ Qe7 58. Qxg3 Rf4 59. Qe1 h4 60. g3 hxg3 61. Qxg3 Kc7 62. Rg1 Kb8 63. Rh2 Ka7 64. h4 Qf7 65. Qg7 Qh5 66. Rf2 Rxf3 67. Rxf3 Qxf3 68. Qg3 Qe2+ 69. Kc3 Qa2 70. Qg2 Qxa3+ 71. Kd2 Qb2+ 72. Ke3 Qd4+ 73. Ke2 Nb3 74. Qf2 Qc3 75. Kf3 Qxd3+ 76. Qe3 Nd2+ 77. Kf2 Nxe4+ 78. Kf3 Nd2+ 79. Kf2 Qf5+ 80. Ke2 Nxc4 81. Qd3 Qf4 82. Ra1+ Kb8 83. Qh7 Qe3+ 84. Kf1 Nd2+ 85. Kg2 Qe2+ 86. Kh3 Qf3+ 87. Kh2 Qf8 88. Qd7 Ne4 89. Rg1 Qf2+ 90. Rg2 Qxh4+ 91. Kg1 Qh8 92. Qf7 Qc8 93. Rg8 Nc3 94. Rxc8+ Kxc8 95. Qe8+ Kc7 96. Qf7+ Kd8 97. Qc4 Nb1 98. Qd3 Ke7 99. Qxb1 Ke6 100. Kf2 d5 101. Ke2 c4 102. Qg6+ Ke7 103. Qxb6 d4 104. Qxb7+ Ke6 105. Qc6+ Kf5 106. Qxc4 1-0


[Site "https://www.chess.com"]

[Event "Titled Tuesday Blitz June 28 Early 2022"]
[White "Torres Cueto, Jesus Marcial"]
[Black "Ouellet, Maili-Jade"]
[WhiteFideId "4415280"]
[BlackFideId "2620472"]
[WhiteElo "2055"]
[BlackElo "1899"]
[Result "0-1"]
[Round "11"]
[TimeControl "180+1"]
[Date "2022.06.28"]
[WhiteClock "0:00:28"]
[BlackClock "0:00:54"]

1. d4 d5 2. c4 e6 3. Nc3 Nf6 4. Bg5 Be7 5. e3 O-O 6. cxd5 exd5 7. Bd3 c6 8. Nge2 Nbd7 9. O-O Re8 10. h3 Nf8 11. Bh4 Ne4 12. Bxe7 Qxe7 13. Bxe4 dxe4 14. Ng3 f5 15. a3 Ng6 16. b4 Qg5 17. b5 Be6 18. bxc6 bxc6 19. Rb1 Re7 20. Na4 Bd5 21. Nc5 f4 22. exf4 Nxf4 23. Kh2 h5 24. Rg1 h4 25. Ne2 Rf8 26. g3 Nh5 27. f4 Qh6 28. f5 Rxf5 29. g4 Qd6+ 30. Kh1 e3+ 31. Rg2 Rf2 0-1


[Site "https://www.chess.com"]

[Event "Titled Tuesday Blitz June 28 Early 2022"]
[White "Vainio, Ville"]
[Black "Flynn, Jacob"]
[WhiteFideId "507270"]
[BlackFideId "2509393"]
[WhiteElo "2237"]
[BlackElo "1896"]
[Result "0-1"]
[Round "11"]
[TimeControl "180+1"]
[Date "2022.06.28"]
[WhiteClock "0:00:02"]
[BlackClock "0:00:13"]

1. e4 e5 2. Nf3 Nc6 3. Bc4 Nf6 4. d4 exd4 5. O-O Nxe4 6. Re1 d5 7. Bxd5 Qxd5 8. Nc3 Qh5 9. Nxe4 Be6 10. Bg5 Bd6 11. Nxd6+ cxd6 12. Bf4 Qd5 13. c3 Rc8 14. Nxd4 Nxd4 15. Qxd4 Qxd4 16. cxd4 Kd7 17. Re2 Rc4 18. Rd1 Rhc8 19. h3 Rc2 20. Rdd2 Rxd2 21. Rxd2 Bxa2 22. f3 Bd5 23. Kf2 f6 24. Ke3 g5 25. Bg3 h5 26. h4 Rc1 27. hxg5 fxg5 28. f4 g4 29. f5 Rh1 30. Kf4 h4 31. Bf2 g3 32. Be3 h3 33. gxh3 g2 34. Kg4 g1=Q+ 35. Bxg1 Rxg1+ 36. Kf4 b5 37. h4 a5 38. h5 b4 39. f6 Rh1 40. Kg5 a4 41. Rd3 a3 42. bxa3 b3 43. Rd2 Rg1+ 44. Kh6 Ke8 45. a4 Kf7 46. a5 Kxf6 47. a6 Ke7 48. a7 Ra1 49. Re2+ Kd7 50. Rg2 Kc6 51. Rg7 b2 52. Rg8 b1=Q 53. a8=Q+ Rxa8 54. Rxa8 Qc1+ 55. Kg7 Qg5+ 56. Kf8 Qxh5 57. Ke7 Qf7+ 58. Kd8 Qg8+ 59. Ke7 Qxa8 60. Kf6 Qd8+ 61. Kf5 Qe7 62. Kf4 Qe4+ 63. Kg5 Qxd4 64. Kf5 Qe5+ 65. Kg4 Kd7 66. Kh4 Ke6 67. Kg4 Bc6 68. Kh4 d5 69. Kg4 d4 70. Kh3 d3 71. Kh4 d2 72. Kh3 Bd7 73. Kh4 d1=Q 74. Kh3 Qd3+ 75. Kg2 Qee2+ 76. Kg1 Qdd1# 0-1


[Site "https://www.chess.com"]

[Event "Titled Tuesday Blitz June 28 Early 2022"]
[White "Valle Maytin, Luis Enrique"]
[Black "Iinuma, Paul Y"]
[WhiteFideId "3503666"]
[BlackFideId "2031809"]
[WhiteElo "2321"]
[BlackElo "2052"]
[Result "0-1"]
[Round "11"]
[TimeControl "180+1"]
[Date "2022.06.28"]
[WhiteClock "0:02:02"]
[BlackClock "0:00:25"]

1. e4 c5 2. Nf3 d6 3. d4 cxd4 4. Nxd4 Nf6 5. Nc3 g6 6. Be3 Bg7 7. Bc4 O-O 8. Bb3 Ng4 9. Bg5 Qb6 10. Be3 Nxe3 11. fxe3 e5 12. Nd5 Qa5+ 13. c3 exd4 14. exd4 Nc6 15. O-O Be6 16. Qf3 Qd8 17. Rae1 Kh8 18. Bc2 Qa5 19. a4 Qd8 20. Nf4 Bc4 21. Rf2 Nxd4 22. cxd4 Bxd4 23. Kh1 Bxf2 24. Qxf2 Qf6 25. g3 g5 26. Nh3 Qxf2 27. Nxf2 h6 28. b3 Be6 29. b4 d5 30. e5 Rac8 31. Bd3 Rc3 32. a5 Rfc8 33. a6 bxa6 34. Bxa6 Rb8 35. b5 d4 36. Ne4 Bd5 37. Kg1 Re3 38. Rxe3 dxe3 39. Nf6 Bc4 40. Ne4 Bxb5 41. Bxb5 Rxb5 0-1


[Site "https://www.chess.com"]

[Event "Titled Tuesday Blitz June 28 Early 2022"]
[White "Vianello, Enrico"]
[Black "Thiel, Thomas"]
[WhiteFideId "810738"]
[BlackFideId "4615964"]
[WhiteElo "2246"]
[BlackElo "2235"]
[Result "1-0"]
[Round "11"]
[TimeControl "180+1"]
[Date "2022.06.28"]
[WhiteClock "0:01:27"]
[BlackClock "0:00:50"]

1. Nf3 Nf6 2. c4 g6 3. b3 Bg7 4. Bb2 O-O 5. e3 d6 6. d4 Nbd7 7. Be2 Re8 8. O-O e5 9. dxe5 Ng4 10. Nc3 Ngxe5 11. Qc2 Nxf3+ 12. Bxf3 Ne5 13. Be2 b6 14. Rad1 Bb7 15. Nd5 c6 16. Nf4 Qc7 17. Rd2 Rad8 18. Rfd1 d5 19. cxd5 Qc8 20. dxc6 Rxd2 21. Rxd2 Qxc6 22. Qxc6 Bxc6 23. Kf1 h6 24. Bd4 Bf6 25. Nd3 Kg7 26. Nxe5 Bxe5 27. Bxe5+ Rxe5 28. Bc4 b5 29. Be2 Rc5 30. f3 a5 31. Kf2 b4 32. e4 Rc3 33. Bc4 a4 34. Ke2 a3 35. Kd1 g5 36. Rc2 Rxc2 37. Kxc2 Kf6 38. Kd3 Be8 39. Kd4 h5 40. Kc5 Ke5 41. Kxb4 f5 42. exf5 Kxf5 43. Kxa3 h4 44. g3 hxg3 45. hxg3 Bc6 46. Be2 Ke5 47. Kb4 Kd4 48. f4 gxf4 49. gxf4 Ke4 50. Bb5 Ba8 51. Kc5 Kxf4 52. Bc6 1-0


[Site "https://www.chess.com"]

[Event "Titled Tuesday Blitz June 28 Early 2022"]
[White "Vokhidov, Shamsiddin"]
[Black "Zhigalko, Sergei"]
[WhiteFideId "14204223"]
[BlackFideId "13502956"]
[WhiteElo "2611"]
[BlackElo "2662"]
[Result "1-0"]
[Round "11"]
[TimeControl "180+1"]
[Date "2022.06.28"]
[WhiteClock "0:00:09"]
[BlackClock "0:00:01"]

1. e4 c5 2. Nf3 Nc6 3. Bb5 Nf6 4. Bxc6 dxc6 5. d3 Bg4 6. h3 Bh5 7. Nbd2 Nd7 8. g4 Bg6 9. Nc4 Qc7 10. Qe2 b5 11. Ne3 e6 12. Bd2 c4 13. Nh4 cxd3 14. cxd3 Be7 15. Nhg2 O-O 16. f4 f6 17. O-O Rfd8 18. Rac1 Nc5 19. f5 Bf7 20. fxe6 Bxe6 21. Nf4 Bxa2 22. Nf5 Nb3 23. Rxc6 Bc5+ 24. Rxc5 Qxc5+ 25. Be3 Qe5 26. Nh5 Rd7 27. Qf3 Rc8 28. d4 Nxd4 29. Bxd4 Rxd4 30. Nxd4 Qxd4+ 31. Kh1 Be6 32. Nf4 Bf7 33. Nd5 Re8 34. Nc3 b4 35. Rd1 Qc4 36. Nd5 Qxe4 37. Qxe4 Rxe4 38. Nxb4 g6 39. Nc6 Re6 40. Nxa7 Rb6 41. Rd2 Kg7 42. Nc8 Rb5 43. Nd6 Rb6 44. Kg2 Be6 45. Kg3 f5 46. gxf5 gxf5 47. Kf4 Kf6 48. Kg3 Rb4 49. Ne8+ Ke7 50. Ng7 f4+ 51. Kf3 Bxh3 52. Nh5 Bc8 53. Nxf4 Bb7+ 54. Kg4 Kf6 55. Kg3 Kf5 56. Rf2 Rb3+ 57. Kh4 Rb4 58. Kg3 Rb3+ 59. Kh4 Bf3 60. Ne2 Ke4 61. Nc3+ Ke3 62. Kg3 Bc6 63. Rh2 Kd3 64. Kf4 Rb4+ 65. Ke5 Rb8 66. Kd6 Ba8 67. Kc7 Rb7+ 68. Kd6 Rb6+ 69. Kc5 Rb8 70. Nb5 Rc8+ 71. Kb4 Rc4+ 72. Ka3 Rc5 73. Kb4 Rc4+ 74. Ka5 Rc5 75. Kb6 Rc6+ 76. Ka7 Rc5 77. Nd6 Ra5+ 78. Kb6 Ra2 79. Rh3+ Kd4 80. b4 Kd5 81. Nb5 Rb2 82. Nc7+ Kc4 83. Rh4+ Kc3 84. Kc5 Bf3 85. Rh3 Rf2 86. b5 Kb2 87. Rxh7 Rc2+ 88. Kb6 Be2 89. Rf7 Bxb5 90. Nxb5 Rh2 91. Rf3 Kc2 92. Kc5 Kd2 93. Kc4 Rh4+ 94. Nd4 Rh8 95. Rd3+ Ke1 96. Re3+ Kf2 97. Rf3+ Kg2 98. Ra3 Re8 99. Kd5 Kg1 100. Ra2 Kf1 101. Nf5 Kg1 102. Kd4 Kf1 103. Ng3+ Kg1 104. Ne4 Rf8 105. Ke3 Kf1 106. Ng5 Kg1 107. Nf3+ 1-0


[Site "https://www.chess.com"]

[Event "Titled Tuesday Blitz June 28 Early 2022"]
[White "Von Buelow, Georg"]
[Black "Pirvulescu, Ekaterina"]
[WhiteFideId "4620658"]
[BlackFideId "13506374"]
[WhiteElo "2146"]
[BlackElo "1740"]
[Result "0-1"]
[Round "11"]
[TimeControl "180+1"]
[Date "2022.06.28"]
[WhiteClock "0:00:04"]
[BlackClock "0:00:02"]

1. e4 c5 2. Nf3 g6 3. d4 cxd4 4. Nxd4 Nc6 5. c4 d6 6. Be3 Nf6 7. Nc3 Ng4 8. Nxc6 Nxe3 9. Nxd8 Nxd1 10. Rxd1 Kxd8 11. c5 Be6 12. cxd6 exd6 13. Be2 Rc8 14. O-O Bg7 15. Rxd6+ Ke7 16. Rd3 Bc4 17. Nd5+ Bxd5 18. exd5 Rc2 19. d6+ Kd8 20. Bg4 f5 21. Bf3 Rxb2 22. a3 Kd7 23. g3 Be5 24. Rc1 Bxd6 25. Rcd1 Rb6 26. Kg2 Kc7 27. Rc1+ Kb8 28. Rcd1 Bc7 29. Rd7 a6 30. Rg7 Rb2 31. Rdd7 Rc8 32. Rxh7 Rc2 33. Bd5 Rc3 34. Be6 Re8 35. Bf7 Re2 36. Bxg6 Rcc2 0-1


[Site "https://www.chess.com"]

[Event "Titled Tuesday Blitz June 28 Early 2022"]
[White "Weishaeutel, Moritz"]
[Black "Liyanage, Ranindu Dilshan"]
[WhiteFideId "12967300"]
[BlackFideId "9915834"]
[WhiteElo "2002"]
[BlackElo "1858"]
[Result "0-1"]
[Round "11"]
[TimeControl "180+1"]
[Date "2022.06.28"]
[WhiteClock "0:00:01"]
[BlackClock "0:00:06"]

1. e4 e5 2. Nf3 Nc6 3. Nc3 Nf6 4. a3 h6 5. d4 exd4 6. Nxd4 Bc5 7. Be3 Bb6 8. Be2 O-O 9. O-O Re8 10. Nxc6 bxc6 11. Bxb6 axb6 12. Bf3 Bb7 13. Re1 d6 14. Qd2 Nd7 15. g3 Ne5 16. Bg2 Nc4 17. Qc1 Qf6 18. Nd1 c5 19. e5 Nxe5 20. Bxb7 Nf3+ 21. Bxf3 Rxe1+ 22. Kg2 Rae8 23. Qd2 g5 24. Rc1 Qd4 25. Qd3 g4 26. Bd5 Qxd3 27. cxd3 R8e2 28. Bb3 Rd2 29. Rc4 h5 30. Ne3 Rxd3 31. Bc2 Rd4 32. Rc3 Rd2 33. Bd3 Rxb2 34. Nd5 Rd1 35. Nf6+ Kf8 36. Nxh5 Rdd2 37. Nf4 Rxf2+ 38. Kg1 Rfd2 39. Bf1 Rb1 40. Nd3 Rdd1 41. Nc1 Rbxc1 0-1


[Site "https://www.chess.com"]

[Event "Titled Tuesday Blitz June 28 Early 2022"]
[White "Yaksin, Oleg"]
[Black "Korchmar, Vasiliy"]
[WhiteFideId "24105880"]
[BlackFideId "24131750"]
[WhiteElo "2256"]
[BlackElo "2370"]
[Result "1-0"]
[Round "11"]
[TimeControl "180+1"]
[Date "2022.06.28"]
[WhiteClock "0:00:15"]
[BlackClock "0:00:01"]

1. d4 d5 2. c4 c6 3. Nf3 Nf6 4. Qb3 e6 5. Nc3 Nbd7 6. Bg5 Be7 7. e3 O-O 8. Bd3 dxc4 9. Qxc4 h6 10. Bxf6 Bxf6 11. O-O-O b5 12. Qb3 a5 13. g4 a4 14. Qc2 Nb6 15. Ne4 Nd5 16. a3 b4 17. h4 bxa3 18. bxa3 Be7 19. g5 Bxa3+ 20. Kd2 h5 21. Ke2 Nb4 22. Qc3 Nxd3 23. Qxa3 Ba6 24. Rxd3 Rb8 25. Qxa4 Bxd3+ 26. Kxd3 Qd5 27. Nfd2 Rb2 28. Rc1 Qf5 29. Qxc6 Rfb8 30. Rc2 R2b6 31. Qc7 Qb5+ 32. Qc4 Qf5 33. f3 Qh3 34. g6 f6 35. Qc7 R6b7 36. Qg3 Qh1 37. Nc5 Rb6 38. Nd7 Rb3+ 39. Nxb3 Rxb3+ 40. Kd2 1-0


[Site "https://www.chess.com"]

[Event "Titled Tuesday Blitz June 28 Early 2022"]
[White "Yuan, Qingyu"]
[Black "Deac, Bogdan-Daniel"]
[WhiteFideId "8609772"]
[BlackFideId "1226380"]
[WhiteElo "2359"]
[BlackElo "2648"]
[Result "1/2-1/2"]
[Round "11"]
[TimeControl "180+1"]
[Date "2022.06.28"]
[WhiteClock "0:00:22"]
[BlackClock "0:00:39"]

1. e4 c6 2. Nf3 d5 3. Nc3 dxe4 4. Nxe4 Nf6 5. Qe2 Nxe4 6. Qxe4 Nd7 7. d4 Nf6 8. Qf4 g6 9. Bd3 Bg7 10. O-O O-O 11. Re1 Re8 12. Qh4 Bg4 13. Ne5 Be6 14. c3 Qb6 15. Nc4 Qb5 16. Ne5 Qb6 17. a4 a5 18. Nc4 Qd8 19. Bf4 Nd5 20. Be5 Rc8 21. h3 Nf6 22. Rad1 Bxc4 23. Bxc4 e6 24. Bf4 Nd5 25. Bg5 Bf6 26. Bxf6 Qxf6 27. Qg4 Red8 28. Bxd5 Rxd5 29. Rd3 b5 30. Qe2 Rb8 31. axb5 cxb5 32. b3 Rc8 33. Ra1 Qd8 34. Qa2 Ra8 35. Qd2 a4 36. c4 bxc4 37. bxc4 Rd7 38. d5 exd5 39. cxd5 Rd6 40. Qd1 a3 41. Raxa3 Rxa3 42. Rxa3 Rxd5 43. Qf3 Rd1+ 44. Kh2 Qd6+ 45. g3 Qd5 46. Qxd5 Rxd5 47. Kg2 1/2-1/2


[Site "https://www.chess.com"]